 Dungeon Crawl Stone Soup version 0.25-a0-589-g1e14c549ee (webtiles) character file.

Game seed: 7029776001708676342, levelgen mode: deterministic

790 Kohma the Geomancer (level 7, -2/39 HPs)
             Began as a Gargoyle Earth Elementalist on Mar 12, 2020.
             Was an Initiate of Ashenzari.
             Slain by a troll (11 damage)
             ... on level 5 of the Dungeon.
             The game lasted 00:17:14 (6192 turns).

Kohma the Geomancer (Gargoyle Earth Elementalist)   Turns: 6192, Time: 00:17:14

Health: -2/39      AC:  6    Str: 11    XL:     7   Next: 87%
Magic:  5/13       EV: 12    Int: 18    God:    Ashenzari [......]
Gold:   273        SH:  0    Dex: 10    Spells: 3/14 levels left

rFire    . . .     SeeInvis .   j - +2 whip (freeze)
rCold    . . .     Gourm    .   (no shield)
rNeg     + . .     Faith    .   c - +0 robe
rPois    ∞         Spirit   .   (no helmet)
rElec    +         Reflect  .   (no cloak)
rCorr    .         Harm     .   (no gloves)
MR       .....                  (no boots)
Stlth    ++........             (no amulet)
HPRegen  0.13/turn              (no ring)
MPRegen  0.13/turn              (no ring)

@: no status effects
A: negative energy resistance 1, electricity resistance, unbreathing,
petrification resistance, rot immunity, AC +4
a: Curse Item, Renounce Religion


You were on level 5 of the Dungeon.
You worshipped Ashenzari.
Ashenzari was noncommittal.
You were not hungry.

You visited 2 branches of the dungeon, and saw 6 of its levels.

You collected 273 gold pieces.

Inventory:

Hand Weapons
 j - a +2 whip of freezing (weapon)
 x - a +3 dagger of speed
Missiles
 b - 53 stones
 g - 2 throwing nets
 k - 51 arrows
 l - 33 sling bullets
 o - 34 bolts
 v - 10 poisoned darts (quivered)
Armour
 c - a +0 robe (worn)
Wands
 n - a wand of random effects (15)
 p - a wand of acid (10)
Scrolls
 a - a scroll of teleportation
 e - 3 scrolls of identify
 i - a scroll of enchant weapon
Potions
 f - a potion of mutation
 h - a potion of might
 m - a potion of resistance
 r - a potion of curing
 u - a potion of berserk rage
Comestibles
 d - 10 rations


   Skills:
 + Level 1.9 Fighting
 + Level 2.2 Dodging
 - Level 2.1 Stealth
 + Level 4.4 Spellcasting
 - Level 2.1 Conjurations
 - Level 0.7 Transmutations
 + Level 8.2 Earth Magic


You had 3 spell levels left.
You knew the following spells:

 Your Spells              Type           Power        Failure   Level  Hunger
a - Sandblast             Erth           ####..       1%          1    None
b - Passwall              Tmut/Erth      ###.....     3%          2    #......
c - Stone Arrow           Conj/Erth      ###...       4%          3    ###....
d - Lee's Rapid Deconstr  Erth           ####......   13%         5    ######.

Your spell library contained the following spells:

 Spells                   Type           Power        Failure   Level  Hunger
 Beastly Appendage        Tmut           #.....       11%         1    None
 Sticks to Snakes         Tmut           #.......     16%         2    #......
 Spider Form              Tmut/Pois      #.........   36%         3    ###....
 Confusing Touch          Hex            #.......     38%         3    ###....
 Gell's Gravitas          Tloc           #.........   38%         3    ###....
 Petrify                  Tmut/Erth      ###.....     22%         4    ####...
 Ice Form                 Ice/Tmut       #.......     77%         4    ####...
 Blade Hands              Tmut           #.........   96%         5    ######.
 Metabolic Englaciation   Hex/Ice        #.........   98%         5    ######.
 Yara's Violent Unravell  Hex/Tmut       #.........   98%         5    ######.


Dungeon Overview and Level Annotations

Branches:
Dungeon (5/15)             Temple (1/1) D:4

Altars:
Ashenzari
Cheibriados
Dithmenos
Elyvilon
Fedhas
Gozag
Hepliaklqana
Kikubaaqudgha
Makhleb
Nemelex Xobeh
Okawaru
Qazlal
Sif Muna
Trog
Uskayaw
Wu Jian
Xom
Yredelemnul
Zin
The Shining One


Innate Abilities, Weirdness & Mutations

You are resistant to torment.
Your stone body is resilient. (AC +4)
You are immune to poison.
You resist negative energy. (rN+)
You are resistant to electric shocks. (rElec)
You can survive without breathing.
You are immune to petrification.
You are immune to rotting.


Message History

Press: ? - help, Shift-Dir - straight line, f/p - troll
Aim: a troll The blast of sand hits the troll!
The troll is moderately wounded.
b - 54 stones The troll bites you!
* * * LOW HITPOINT WARNING * * *
The troll misses you. The troll claws you but does no damage.
Casting: Sandblast (safe; 1% risk of failure)
Confirm with . or Enter, or press ? or * to list all spells.
Aiming: Sandblast (safe; 1% risk of failure)
Press: ? - help, Shift-Dir - straight line, f/p - troll
Aim: a troll (lightly wounded)
The blast of sand hits the troll!
The troll is heavily wounded.
b - 53 stones The troll bites you.
* * * LOW HITPOINT WARNING * * *
The troll claws you but does no damage. The troll claws you!
You die...

#.# #...##.............
#.#######...##......##.###.
#.......+...'.....##.#.##.#
#.#######...##....##.....##
#...........##....##.[...##
#.######....##.....+.._..'.
#.# ##.#+###....##......#
#.# #...........#......#.
#.# #..#@###.....###.#.#.
#.# ##..#T###....####.####
#.####.....................
#..........................
#.#####..........#...##.#.#
#..........#######..## .#..
#..####..#.#######..# .###
#..# #..#..........###.###
#..# #..#.#...............


You could see a troll.

Vanquished Creatures
  A phantom (D:3)
  A sky beast (D:5)
  An ogre (D:4)
  An orc wizard (D:3)
  2 hounds (D:4)
  2 orc priests (D:3)
  An iron imp (D:5)
  2 iguanas
  4 worker ants
  A worker ant zombie (D:5)
  6 adders
  4 gnolls
  A shadow imp (D:5)
  An adder skeleton (D:4)
  2 dart slugs
  5 worms
  2 leopard geckos
  12 orcs
  8 bats
  5 giant cockroaches
  2 gnoll zombies (D:4)
  6 goblins
  4 hobgoblins
  A quokka (D:3)
  2 ball pythons
  7 frilled lizards
  A goblin skeleton (D:5)
  3 goblin zombies (D:5)
  2 hobgoblin zombies (D:5)
  4 kobolds
  An orc skeleton (D:5)
  A quokka skeleton (D:4)
  6 rats
  A butterfly (D:4)
103 creatures vanquished.

Notes
Turn   | Place    | Note
-------+----------+-------------------------------------------
     0 | D:1      | Kohma the Gargoyle Earth Elementalist began the quest for
                  | the Orb.
     0 | D:1      | Reached XP level 1. HP: 10/10 MP: 3/3
   231 | D:1      | Reached XP level 2. HP: 15/15 MP: 3/5
   247 | D:1      | Reached skill level 4 in Earth Magic
   556 | D:2      | Learned a level 2 spell: Passwall
   586 | D:2      | Reached XP level 3. HP: 19/19 MP: 1/7
   597 | D:2      | Learned a level 3 spell: Stone Arrow
   749 | D:2      | Found an opulent altar of Gozag.
   749 | D:2      | Found an ancient bone altar of Kikubaaqudgha.
   875 | D:2      | Reached XP level 4. HP: 11/24 MP: 0/8
  1055 | D:2      | Reached skill level 5 in Earth Magic
  1236 | D:2      | Found a shadowy altar of Dithmenos.
  2013 | D:3      | Noticed a phantom
  2386 | D:3      | Reached XP level 5. HP: 19/28 MP: 0/10
  2842 | D:3      | Reached skill level 1 in Conjurations
  2944 | D:3      | Found a white marble altar of Elyvilon.
  3216 | D:3      | Reached XP level 6. HP: 27/32 MP: 1/12
  3305 | D:3      | Learned a level 5 spell: Lee's Rapid Deconstruction
  3691 | D:3      | Killed a phantom
  3691 | D:3      | Reached skill level 6 in Earth Magic
  3837 | D:4      | Reached skill level 7 in Earth Magic
  3837 | D:4      | Reached XP level 7. HP: 30/36 MP: 0/13
  4155 | D:4      | Found a staircase to the Ecumenical Temple.
  4173 | Temple   | Entered the Ecumenical Temple
  4314 | Temple   | Became a worshipper of Ashenzari the Shackled
  4500 | D:4      | Found a bloodstained altar of Trog.
  4753 | D:4      | Found a burning altar of Makhleb.
  4756 | D:4      | Reached skill level 8 in Earth Magic
  5279 | D:4      | Found a basalt altar of Yredelemnul.
  5386 | D:4      | Found a blossoming altar of Fedhas.
  5567 | D:5      | Entered Level 5 of the Dungeon
  5702 | D:5      | Reached skill level 1 in Fighting
  5825 | D:5      | Found a glowing golden altar of the Shining One.
  6076 | D:5      | Found a shimmering altar of Xom.
  6105 | D:5      | Noticed a troll
  6192 | D:5      | Slain by a troll

Levels and vault maps discovered:
D:1:      lemuel_arrival_tunnels, layout_rooms
D:2:      layout_loops_ring, nicolae_dithmenos_shadow_blocks,
          gammafunk_temple_overflow_elements
D:3:      layout_loops_corners, elyvilon_altar_1
D:4:      layout_loops_ring, lemuel_zombie_altar_yredelemnul,
          kennysheep_mini_moat, lemuel_doored_altar,
          minmay_temple_entry_butterflies, first_ration,
          makhleb_blood_cavern_becter
D:5:      layout_basic, nicolae_tso_besieged_by_evil,
          nicolae_overflow_crystal_walls, old_standard_altar, serial_shops,
          nicolae_shop_competitors_out_of_business, basic_altar
Temple:   jpeg_temple_clearing

Skill      XL: |  1  2  3  4  5  6  7 |
---------------+----------------------+-----
Earth Magic    | 4 5 7 8 |  8.2
Spellcasting   | 3 4 |  4.4
Conjurations   | 2 |  2.1
Fighting       | 1 |  1.9
Dodging        | 2 |  2.2
Stealth        | |  2.1
Transmutations | |  0.7

Action                   |  1- 3 |  4- 6 |  7- 9 || total
-------------------------+-------+-------+-------++-------
Melee: Unarmed           |    15 |       |       ||    15
       Dagger            |    25 |   135 |    80 ||   240
       Whip              |       |       |    12 ||    12
Throw: Dart              |       |    12 |       ||    12
 Cast: Sandblast         |    29 |    20 |    10 ||    59
       Stone Arrow       |       |    22 |    29 ||    51
       Lee's Rapid Decon |       |       |     2 ||     2
  Use: Scroll            |       |       |    12 ||    12
 Stab: Sleeping          |     2 |       |     1 ||     3
  Eat: Chunk             |       |    10 |     4 ||    14
       Ration            |       |       |     3 ||     3
Armor: Robe              |    22 |    50 |    27 ||    99
Dodge: Dodged            |    40 |    80 |    65 ||   185

Table legend:
 A = Non-vault XP
 B = Vault XP
 C = Vault XP percentage of total XP
 D = Non-vault monster count
 E = Vault monster count
 F = Vault count percentage of total count
                 A         B        C        D         E       F
            +---------+---------+-------+---------+---------+-------
      Total |    1039 |      90 |   8.0 |      91 |      11 |  10.8
            +---------+---------+-------+---------+---------+-------
        D:1 |      23 |       0 |   0.0 |      13 |       0 |   0.0
        D:2 |     120 |       0 |   0.0 |      27 |       0 |   0.0
        D:3 |     335 |       0 |   0.0 |      26 |       0 |   0.0
        D:4 |     309 |      44 |  12.5 |      11 |       3 |  21.4
        D:5 |     252 |      46 |  15.4 |      14 |       8 |  36.4
            +---------+---------+-------+---------+---------+-------
